Map: Oceanborn LE

Players

TRON - Winner!

  • Race: Zerg Zerg
  • League: Bronze
  • Spawn Location: 5:00

Subwayeatn

  • Race: Zerg Zerg
  • League: Diamond
  • Spawn Location: 11:00

VOD

Have the link to the VOD?

Description

Time

  • Played on: Nov. 15, 2023, 10:53 a.m.
  • Length: 3:51
Show
View Real Time Build Order
Export as new Build Order

TRON Zerg - Winner!

Build Orders: Hatch First 

Get SALT Encoding   

  12  0:02  Drone  
  13  0:15  Overlord  
  13  0:19  Drone  
  14  0:33  Drone x2  
  16  0:52  Hatchery  
  16  0:56  Drone x2  
  17  0:59  Drone  
  17  1:02  Extractor  
  17  1:17  Drone, Spawning Pool  
  17  1:25  Drone  
  18  1:31  Drone  
  19  1:41  Drone  
  20  1:52  Overlord  
  20  2:04  Queen  
  20  2:05  Queen  
  24  2:14  Drone x3  
  27  2:21  Drone, Metabolic Boost  
  28  2:30  Drone  
  28  2:31  Drone  
  30  2:42  Spine Crawler  
  29  2:44  Spine Crawler  
  28  2:51  Queen  
  28  2:53  Zergling x8  
  28  2:54  Queen  
  36  3:15  Zergling x2  
  35  3:20  Zergling x4  
  35  3:24  Zergling x2  
  35  3:25  Zergling x12  
Show
View Real Time Build Order
Export as new Build Order

Subwayeatn Zerg 

Build Orders: Pool First 

Get SALT Encoding   

  12  0:00  Drone  
  13  0:08  Drone  
  13  0:11  Extractor  
  13  0:28  Spawning Pool  
  12  0:59  Hatchery  
  11  1:16  Queen  
  13  1:27  Overlord  
  13  1:36  Metabolic Boost  
  13  1:45  Zergling x2  
  13  1:46  Zergling x2  
  15  1:51  Zergling x2  
  16  1:58  Zergling x2  
  17  2:07  Zergling x2  
  18  2:14  Queen  
  20  2:22  Zergling x2  
  21  2:36  Zergling x2  
  22  2:37  Zergling x6  
  25  2:46  Zergling x4  
  24  3:26  Zergling x2  
  24  3:27  Zergling x10  
Tags
 
Add a new tag
Caveats
  • Supply blocks, unpowered buildings, or Contaminate may cause inaccurate times.
  • Supply counts are checked every 10 seconds.